sneakhack, chaotic female elven Rogue ------- --------------------------------- |..<..|##############-...............................| |......# |f---- ----- ----+-- ----- | -------# |.| a@| |.- |. |.{ |.. |... |.-+- |.| |.| |.| |.- |. --- sneakhack the Rogue Experience level: 6 Strength: 17 Dexterity: 19 Constitution: 16 Intelligence: 8 Wisdom: 9 Charisma: 9 Health: 0(42) Energy: 29(29) Def: 7 Gold: 478 Moves: 2268 Dungeon seed: F-zcxO-BkNUEzqAI Game ID: sneakhack_1462803828 Your Inventory: Coins $ - 478 gold pieces Weapons a - an uncursed +0 elven short sword (weapon in hand) j - an uncursed +0 elven dagger E - an uncursed +0 dagger named noncursed J - 9 uncursed +0 elven daggers (in quiver) L - 10 uncursed +0 daggers P - an uncursed poisoned +1 dart Q - an uncursed +0 dwarvish mattock Armor e - an uncursed +1 leather armor (being worn) n - an uncursed +0 dwarvish cloak r - an uncursed +0 elven leather helm x - a blessed +0 dwarvish cloak z - an uncursed +0 dwarvish cloak A - an uncursed +0 dwarvish roundshield (being worn) G - an uncursed +0 dwarvish iron helm (being worn) I - an uncursed +0 dwarvish cloak K - an uncursed +0 pair of iron shoes (being worn) N - an uncursed +0 dwarvish cloak (being worn) Y - an uncursed +0 alchemy smock Scrolls m - an uncursed scroll of confuse monster Potions u - an uncursed potion of paralysis Rings R - a cursed -1 ring of increase accuracy Wands d - a blessed wand of sleep (0:3) h - an uncursed wand of opening (0:3) v - an uncursed wand of digging (0:7) V - an uncursed wand of striking (0:6) Tools c - 6 cursed wax candles (0:400) g - an uncursed blindfold i - an uncursed towel k - an uncursed lock pick B - an uncursed sack Z - 7 uncursed wax candles (0:400) Gems b - an uncursed worthless piece of orange glass q - an uncursed fluorite stone s - an uncursed jasper stone t - an uncursed worthless piece of violet glass y - 3 uncursed worthless pieces of yellow glass D - 2 uncursed worthless pieces of yellowish brown glass Contents of the sack: 46 gold pieces an uncursed scroll of destroy armor a blessed scroll of magic mapping an uncursed scroll of scare monster an uncursed scroll of teleportation an uncursed spellbook of magic missile an uncursed spellbook of remove curse an uncursed potion of blindness an uncursed potion of sickness an uncursed sapphire an uncursed worthless piece of green glass an uncursed worthless piece of orange glass 2 uncursed worthless pieces of yellowish brown glass Spells and supernatural/magical abilities: Name Level Category Fail Memory W - pray for help -- divine ? -- Your skills at the end: Miscellaneous Skills wands [Basic] Weapon Skills dagger [Basic] short sword [Basic] Spellcasting Skills Final Attributes: You were piously aligned. You were sleep resistant. You had infravision. You were stealthy. You are dead. Vanquished creatures: a gnome king 6 gnome lords 2 gnomish wizards a kobold mummy a straw golem a floating eye 7 dwarves an iguana an orc zombie a werejackal 2 hobbits an acid blob a cave spider 21 gnomes 2 jackals a fox 5 newts a goblin 4 sewer rats a grid bug 3 lichens 64 creatures vanquished. Voluntary challenges: You did not adorn yourself with jewelry or accessories. You were an atheist. You used a wielded weapon 61 times, starting on turn 42. You did not apply a unicorn horn. You read items or engraved 2 times, starting on turn 1709. You never genocided any monsters. You never polymorphed an object. You never changed form. You used no wishes. You never split a pudding. You wrote Elbereth's name 2 times, starting on turn 1709. You never violated your personal moral code. Dungeon overview: The Dungeons of Doom: levels 1 to 2 Level 1 a long staircase Level 2 stairs to The Gnomish Mines The Gnomish Mines: levels 3 to 6 Level 3 stairs to The Dungeons of Doom Level 4 Level 5 Level 6 <- You were here a fountain History has recorded: On T:1 you entered the Dungeons of Doom to retrieve the Amulet of Yendor! On T:212 you reached level 2 of The Dungeons of Doom. On T:513 you reached level 1 of The Gnomish Mines. On T:515 you advanced to experience level 2. On T:527 you advanced to experience level 3. On T:559 you advanced to experience level 4. On T:1072 you reached level 2 of The Gnomish Mines. On T:1299 you advanced to experience level 5. On T:1597 you reached level 3 of The Gnomish Mines. On T:1705 you advanced to experience level 6. On T:2223 you reached level 4 of The Gnomish Mines. Score breakdown: Gold: 524 ( 52 points) Experience: 6 levels ( 500 points) Exploration: 6 levels ( 150 points) Discoveries: 3 items ( 150 points) Variety of kills: 21 monsters ( 1050 points) Major goal: (nothing yet) ( 0 points) Survival: died (score multiplied by 3) Total score: 5706 Latest messages: The soldier ant bites! The soldier ant stings! You die... Final status: Goodbye sneakhack the Rogue, killed by a soldier ant... You died in The Gnomish Mines on dungeon level 6 with 5706 points, and 524 pieces of gold, after 2268 moves. You were level 6 with a maximum of 42 hit points when you died.